 Dungeon Crawl Stone Soup version 0.26-a0-660-gc07710193c (webtiles) character file.

Game seed: 2770780186088631207

0 Gargoyl the Skirmisher (level 1, -8/23 HPs)
             Began as a Gnoll Abyssal Knight on Oct 8, 2020.
             Was a Follower of Lugonu.
             Mangled by a tentacled starspawn (20 damage)
             ... on level 2 of the Abyss.
             The game lasted 00:00:17 (50 turns).

Gargoyl the Skirmisher (Gnoll Abyssal Knight)         Turns: 50, Time: 00:00:18

Health: -8/23      AC: 12    Str: 14    XL:     1   Next: 0%
Magic:  3/3        EV: 16    Int: 14    God:    Lugonu [*.....]
Gold:   31         SH:  0    Dex: 14    Spells: 0/0 levels left

rFire    . . .     SeeInvis .   (weapon currently unavailable)
rCold    . . .     Faith    .   (shield currently unavailable)
rNeg     + + +     Spirit   .   (armour currently unavailable)
rPois    +         Reflect  .   (helmet currently unavailable)
rElec    .         Harm     .   (cloak currently unavailable)
rCorr    .         Rampage  .   (gloves currently unavailable)
MR       .....                  (boots currently unavailable)
Stlth    +.........             (no amulet)
HPRegen  0.07/turn              (no ring)
MPRegen  0.08/turn              (no ring)

@: fungus-form, constricted
A: tiny, distributed training, strong nose
a: Depart the Abyss, Renounce Religion


You were on level 2 of the Abyss.
You worshipped Lugonu.
Lugonu was aware of your devotion.
You were a sentient fungus.
You visited 0 branches of the dungeon, and saw 0 of its levels.
You visited the Abyss 1 time.

You collected 31 gold pieces.

Inventory:

Hand Weapons
 a - a +1 hand axe (melded)
Armour
 b - a +0 leather armour (melded)
Wands
 c - a wand of polymorph (6)


   Skills:
 + Level 6.4 Fighting
 + Level 0.0 Short Blades
 + Level 0.0 Long Blades
 + Level 4.4 Axes
 + Level 0.0 Maces & Flails
 + Level 0.0 Polearms
 + Level 0.0 Staves
 + Level 0.0 Slings
 + Level 0.0 Bows
 + Level 0.0 Crossbows
 + Level 0.0 Throwing
 + Level 4.4 Armour
 + Level 2.3 Dodging
 + Level 0.0 Stealth
 + Level 0.0 Shields
 + Level 0.0 Unarmed Combat
 + Level 0.0 Spellcasting
 + Level 0.0 Conjurations
 + Level 0.0 Hexes
 + Level 0.0 Summonings
 + Level 0.0 Necromancy
 + Level 0.0 Translocations
 + Level 0.0 Transmutations
 + Level 0.0 Fire Magic
 + Level 0.0 Ice Magic
 + Level 0.0 Air Magic
 + Level 0.0 Earth Magic
 + Level 0.0 Poison Magic
 + Level 4.4 Invocations
 + Level 0.0 Evocations


You couldn't memorise any spells.
You didn't know any spells.
Your spell library was empty.

Dungeon Overview and Level Annotations

Branches:
Dungeon (0/15)

Altars:


Innate Abilities, Weirdness & Mutations

Your experience applies equally to all skills.
((You have very sharp teeth.))
Your uncanny sense of smell can sniff out nearby items.


Message History

It was a scroll of random uselessness.
The starspawn tentacle grabs you. The starspawn tentacle constricts you.
The starspawn tentacle loses its grip on you.
The tentacle pulls you backwards!
You aren't carrying any potions.
Aiming: Polymorph
Press: ? - help, Shift-Dir - straight line, f - you You turn into a sentient fungus.
Your +1 hand axe melds into your body.
Your +0 leather armour melds into your body.
The starspawn tentacle grabs you. The starspawn tentacle constricts you.
A tentacle flies out from the starspawn's body!
A starspawn tentacle comes into view.
Unknown command.
You release spores at the tentacled starspawn.
The starspawn tentacle loses its grip on you.
The tentacled starspawn is lightly damaged.
The starspawn tentacle grabs you. The starspawn tentacle constricts you.
The tentacled starspawn bites you!!
Ouch! That really hurt!
You die...

. # ...##[.# ####.#.
#.# ...#. #..
####...#.# .. #... .
..#...#.### .###. #
# . ##.#......
.#..##..# #.
.#.#..#...##.#.#..
#....
.............##..#..
..##
..#.....#..#.... .#.
...
........f.#.#.##. ..
. . ...#..wXw......#
..#.#
....#........##.
...#..#
#..##.....#...# #∆
...##
........#....#....
...#
....##...###...#.
..# .#...........###
. . .##.##..##... .
## . #. ....


You could see a tentacled starspawn and 2 starspawn tentacles.

Vanquished Creatures (others)
  3 starspawn tentacles (Abyss:2)
3 creatures vanquished.

Notes
Turn   | Place    | Note
-------+----------+-------------------------------------------
     0 | Abyss:1  | Gargoyl the Gnoll Abyssal Knight began the quest for the
                  | Orb.
     0 | Abyss:1  | Reached XP level 1. HP: 23/23 MP: 3/3
    38 | Abyss:2  | Noticed a tentacled starspawn
    50 | Abyss:2  | Mangled by a tentacled starspawn

Illustrated notes

Levels and vault maps discovered:
Abyss:2

Action                   || total
-------------------------++-------
Melee: Unarmed           ||     1
Evoke: Wand              ||     1
  Use: Scroll            ||     1
Dodge: Dodged            ||     3

Table legend: (Time is in decaauts)
 A = Elapsed time spent in this place.
 B = Non-inter-level travel time spent in this place.
 C = Inter-level travel time spent in this place.
 D = Time resting spent in this place.
 E = Time spent auto-exploring this place.
 F = Levels seen in this place.
 G = Mean time per level.
                   A        B        C        D        E       F      G
               +--------+--------+--------+--------+--------+-----+--------+
         Total |     49 |     49 |      0 |      0 |     28 |   2 |   24.5 |
         Abyss |     49 |     49 |      0 |      0 |     28 |   2 |   24.5 |
               +--------+--------+--------+--------+--------+-----+--------+

Top non-repeatable levels by time:
 Abyss:2: 30 daAuts
 Abyss:1: 19 daAuts
